Cogmind - Beta 15 @@@ ROGUE MODE // 2025.10.16 @ 23:57:43 Player: PersmaticCoreSerial_K4E2 Result: Destroyed by P-60 Hacker with Shock Rifle Performance ------------- Evolutions (3) 1500 Regions Visited (7) 1400 Robots Destroyed (52) 260 Value Destroyed (1546) 1546 Prototype IDs (4) 80 Alien Tech Used (0) 0 Bonus (0) 0 TOTAL SCORE: 4786 Bonus ------- None Cogmind --------- Core Integrity 0/700 Matter 239/300 Energy 98/100 System Corruption 4% Temperature Cool (0) Movement Core (50) Location -7/Storage Parts ------- > --- POWER (2) -------- (None) > --- PROPULSION (4) --- (None) > --- UTILITY (5) ------ (None) > --- WEAPON (2) ------- (None) > --- INVENTORY (5) ---- Matter Filter Improved Power Shielding Improved EM Shotgun Mini Assault Cannon Shock Bomb Launcher Peak State ------------ > --- POWER ------------ Light Deuterium Engine Light Deuterium Engine > --- PROPULSION ------- Titanium Leg Titanium Leg Titanium Leg > --- UTILITY ---------- Improved Cooling System Large Storage Unit Targeting Computer Matter Filter Matter Filter > --- WEAPON ----------- Mini Assault Cannon Mini Assault Cannon > --- INVENTORY -------- Aluminum Leg Improved Heat Sink Cooling System Large Storage Unit Matter Filter Matter Filter Transmission Jammer Transmission Jammer Transmission Jammer Improved Power Shielding System Restoration Module High-powered Tractor Beam Improved EM Shotgun Mini Assault Cannon Mini Assault Cannon [Rating: 44] Favorites ----------- Power Reinforced Ion Engine Engine Reinforced Ion Engine Propulsion Titanium Leg Leg Titanium Leg Wheel Compact Wheel Hover Unit Gravmag System Utility Targeting Computer Device Heat Sink Storage Large Storage Unit Processor Targeting Computer Protection Weapon Shielding Weapon Shock Rifle Energy Gun Shock Rifle Energy Cannon Advanced Beam Cannon Ballistic Gun Light Assault Rifle Ballistic Cannon Mini Assault Cannon Build | -11 -10 -9 -8 -7 -7 -7 -7 ------- Run | Yrd Mat Mat Mat Fac Was Fac Sto Slots Evolved 6 | . . 2 2 2 . . . Power 1 | . . . 1 . . . . Propulsion 2 | . . 1 . 1 . . . Utility 3 | . . 1 1 1 . . . Weapon . | . . . . . . . . Parts Attached 43 | 6 9 10 12 2 . 3 1 Power 6 | 1 1 1 3 . . . . Engine 6 | 1 1 1 3 . . . . Core . | . . . . . . . . Reactor . | . . . . . . . . Propulsion 8 | 2 2 3 . . . 1 . Treads . | . . . . . . . . Leg 3 | . . 3 . . . . . Wheel 4 | 2 2 . . . . . . Hover 1 | . . . . . . 1 . Flight . | . . . . . . . . Utility 13 | 1 2 3 2 2 . 2 1 Device 8 | . . 2 2 2 . 1 1 Storage 2 | 1 . 1 . . . . . Processor 2 | . 1 . . . . 1 . Hackware . | . . . . . . . . Protection 1 | . 1 . . . . . . Artifact . | . . . . . . . . Weapon 16 | 2 4 3 7 . . . . Energy Gun 9 | 2 1 3 3 . . . . Energy Cannon 1 | . . . 1 . . . . Ballistic Gun 3 | . 2 . 1 . . . . Ballistic Cannon 3 | . 1 . 2 . . . . Launcher . | . . . . . . . . Special Weapon . | . . . . . . . . Impact Weapon . | . . . . . . . . Slashing Weapon . | . . . . . . . . Piercing Weapon . | . . . . . . . . Special Melee Weapon . | . . . . . . . . Unidentified Prototypes 4 | . . . 4 . . . . Parts Lost 14 | . 2 1 5 1 2 2 1 Power 2 | . . . 1 1 . . . Propulsion 3 | . 1 . . . 2 . . Utility 3 | . . . . . . 2 1 Weapon 6 | . 1 1 4 . . . . Highest Loss Streak 2 | . 1 1 2 1 2 2 1 To Critical Strikes . | . . . . . . . . Average Backups 10 | 2 7 10 13 14 12 5 5 Power . | . 1 1 . . . . . Propulsion 1 | 1 4 1 1 1 . . . Utility 6 | . . 4 9 10 8 2 2 Weapon 2 | . 1 2 3 3 2 2 3 Tool/Special . | . . . . . . . . Unused Backups 26 | . 1 6 5 1 8 1 4 Power . | . . . . . . . . Propulsion 6 | . 1 4 . . 1 . . Utility 16 | . . 1 5 1 6 1 2 Weapon 3 | . . . . . 1 . 2 Tool/Special 1 | . . 1 . . . . . Average Slot Usage (%) 86 | . 87 98 98 91 59 7 3 Engine 12 | . 14 11 17 15 4 . . Leg 22 | . . 32 27 23 15 . . Wheel 2 | . 27 . . . . . . Device 11 | . . 9 17 22 16 2 3 Storage 8 | . 14 11 9 7 5 . . Processor 7 | . . 11 9 7 5 1 . Energy Gun 11 | . 11 21 9 . . . . Ballistic Gun 1 | . 10 . . . . . . Ballistic Cannon 4 | . 5 . 8 15 10 . . Peak Build Rating 44 | 6 7 22 37 44 41 12 5 Average Rating 22 | 4 6 20 29 41 26 4 3 On Entrance 14 | . 6 7 22 37 41 1 1 Naked Turns 224 | . . . . . 36 141 47 Heaviest Build 46 | 12 13 37 46 46 41 1 1 Greatest Support 51 | 26 32 51 51 51 51 9 3 Greatest Overweight (x) 2 | 2 . . . . 2 . . Average Overweight (x) . | . . . . . . . . Largest Inventory Capacity 15 | 8 8 15 15 15 15 5 5 Average Capacity 12 | 7 8 11 15 15 11 5 5 Most Carried 15 | 6 8 15 15 15 15 5 5 Average Carried 10 | 3 7 10 13 14 11 5 5 Final Capacity 15 | 8 8 15 15 15 5 5 5 Final Carried 15 | 6 7 15 15 15 5 5 5 Class Distribution -------------------- 100% | Mutant Dominant Class ---------------- Mutant | -10/Materials Mutant | -9/Materials Mutant | -8/Materials Mutant | -7/Factory Mutant | -7/Waste Mutant | -7/Factory Mutant | -7/Storage Resources | -11 -10 -9 -8 -7 -7 -7 -7 ----------- Run | Yrd Mat Mat Mat Fac Was Fac Sto Matter Collected 806 | 138 127 292 249 . . . . Remotely . | . . . . . . . . Salvage Created 1763 | . 208 892 619 44 . . . Parts 102 | . 22 52 25 3 . . . Haulers Intercepted 1 | . . 1 . . . . . Recyclers Shooed . | . . . . . . . . Parts Field Recycled . | . . . . . . . . Retrieved Matter . | . . . . . . . . Parts Self-Destructed . | . . . . . . . . Prevented . | . . . . . . . . Kills | -11 -10 -9 -8 -7 -7 -7 -7 ------- Run | Yrd Mat Mat Mat Fac Was Fac Sto Combat Hostiles Destroyed 40 | . 11 18 10 1 . . . Guns 26 | . 5 16 5 . . . . Cannons 7 | . 3 . 3 1 . . . AOE 4 | . 3 1 . . . . . Classes Destroyed 8 | . 3 4 1 . . . . Worker 2 | . . 1 1 . . . . Hauler 1 | . . 1 . . . . . Watcher 9 | . 2 2 5 . . . . Swarmer 11 | . 9 2 . . . . . Grunt 22 | . 2 13 7 . . . . Brawler 2 | . . 1 1 . . . . Duelist 1 | . . . 1 . . . . Sentry 4 | . . 2 1 1 . . . Best Kill Streak 6 | . 6 4 3 1 . . . Combat Bots Only 6 | . 6 3 3 1 . . . Max Kills in Single Turn 2 | . 2 2 2 1 . . . Gunslinging . | . . . . . . . . Exploded 2 | . 2 1 . . . . . Melee . | . . . . . . . . Uniques/NPCs Destroyed . | . . . . . . . . Combat | -11 -10 -9 -8 -7 -7 -7 -7 -------- Run | Yrd Mat Mat Mat Fac Was Fac Sto Hostile Shots Fired 345 | . 53 65 55 18 2 32 120 Missed 152 | . 12 28 22 8 . 13 69 Hits 193 | . 41 37 33 10 2 19 51 Melee 3 | . . . 1 . 2 . . Projectile 190 | . 41 37 32 10 . 19 51 Critical Strikes 4 | . . 1 . . 2 . 1 Damage Taken 2330 | . 410 456 593 73 84 225 489 Core 980 | . 92 81 96 24 41 179 467 Absorbed by Shields . | . . . . . . . . Core Remaining (%) 81 | 100 63 79 82 . . . . Volleys Fired 120 | . 26 52 40 2 . . . Largest 2 | . 2 2 2 2 . . . Hottest 100 | . 70 100 100 80 . . . Shots Fired 235 | . 52 99 80 4 . . . Gun 177 | . 28 99 50 . . . . Cannon 58 | . 24 . 30 4 . . . Launcher . | . . . . . . . . Special . | . . . . . . . . Kinetic 69 | . 35 . 30 4 . . . Thermal . | . . . . . . . . Explosive . | . . . . . . . . Electromagnetic 166 | . 17 99 50 . . . . Robot Hit Streak 13 | . 5 9 13 4 . . . Robot Miss Streak 6 | . 3 6 3 . . . . Penetration Max . | . . . . . . . . Secondary Targets 2 | . . . 2 . . . . Max Gunslinging Chain 1 | . . . 1 . . . . Shots Hit Robots 145 | . 27 56 58 4 . . . Core Hits 68 | . 16 25 25 2 . . . Critical Kills . | . . . . . . . . Critical Parts Destroyed . | . . . . . . . . Critical Strikes 7 | . 3 2 2 . . . . Blast 2 | . 2 . . . . . . Corrupt 5 | . 1 2 2 . . . . Melee Attacks . | . . . . . . . . Impact . | . . . . . . . . Slashing . | . . . . . . . . Piercing . | . . . . . . . . Sneak Attacks . | . . . . . . . . Combat Hostiles . | . . . . . . . . Follow-up Attacks . | . . . . . . . . Damage Inflicted 3198 | . 477 1143 1469 109 . . . Guns 1910 | . 138 1029 743 . . . . Cannons 866 | . 216 . 541 109 . . . Explosions 422 | . 123 114 185 . . . . Melee . | . . . . . . . . Ramming . | . . . . . . . . Kinetic 917 | . 267 . 541 109 . . . Thermal 422 | . 123 114 185 . . . . Explosive . | . . . . . . . . Electromagnetic 1859 | . 87 1029 743 . . . . Impact . | . . . . . . . . Slashing . | . . . . . . . . Piercing . | . . . . . . . . Highest Corruption 6 | . . . . . 6 6 3 Average Corruption 4 | . . . . . 6 5 3 Corruption Purged 3 | . . . . . . 3 . Corruption Blocked . | . . . . . . . . Effects 10 | . . . . . 2 8 . Message Errors 3 | . . . . . . 3 . Matter Fused 1 | . . . . . 1 . . Heat Flow Errors 2 | . . . . . 1 1 . Energy Discharges 1 | . . . . . . 1 . Parts Rejected 1 | . . . . . . 1 . Data Loss (minor) 2 | . . . . . . 2 . Overload Shots . | . . . . . . . . Overflow Damage 38 | . . . 38 . . . . Projectiles . | . . . . . . . . Explosions 38 | . . . 38 . . . . Melee . | . . . . . . . . Knockbacks 8 | . 1 . 7 . . . . Impact . | . . . . . . . . Kinetic 7 | . 1 . 6 . . . . Secondary 1 | . . . 1 . . . . Self-Inflicted Damage 169 | . 65 . 104 . . . . Shots 4 | . 2 . 2 . . . . Rammed . | . . . . . . . . Targets Rammed . | . . . . . . . . Kicked . | . . . . . . . . Crushed . | . . . . . . . . Highest Temperature 223 | . 75 174 213 . 78 223 . Average Temperature 45 | . 29 38 101 . 45 116 . Received Heat Transfer 624 | . 36 195 207 18 . 60 108 Siege Activations . | . . . . . . . . Martial Activations . | . . . . . . . . Shielding Activations . | . . . . . . . . Robots Disrupted . | . . . . . . . . Combat Hostiles . | . . . . . . . . Robots Corrupted 3 | . . 1 2 . . . . Combat Hostiles 3 | . . 1 2 . . . . Parts Fried 9 | . . 5 4 . . . . Impact Corruptions . | . . . . . . . . Robots Melted . | . . . . . . . . Combat Hostiles . | . . . . . . . . Parts Melted . | . . . . . . . . Heat Transferred 500 | . 200 150 150 . . . . Parts Sabotaged . | . . . . . . . . Parts Stolen . | . . . . . . . . Parts Stripped . | . . . . . . . . Power Chain Reactions 7 | . 2 3 2 . . . . Alert | -11 -10 -9 -8 -7 -7 -7 -7 ------- Run | Yrd Mat Mat Mat Fac Was Fac Sto Maximum Alert Level 1 | . 1 1 . . . . . Low Security (%) 95 | 100 89 88 100 100 100 100 100 Level 1 4 | . 10 11 . . . . . Level 2 . | . . . . . . . . Level 3 . | . . . . . . . . Level 4 . | . . . . . . . . Level 5 . | . . . . . . . . High Security . | . . . . . . . . Max Security . | . . . . . . . . Peak Influence 237 | . 206 237 113 30 10 50 15 Initial 89 | . . 66 89 28 10 . 13 Average 58 | . 102 103 34 4 1 17 4 Influence Increases 1427 | . 304 610 363 30 . 105 15 Destroy 0b10 Robot/C 800 | . 220 360 200 20 . . . Destroy 0b10 Robot/NC 60 | . 10 20 30 . . . . Destroy Leader 190 | . 44 86 50 10 . . . Successful Hack 12 | . 4 1 7 . . . . Disable Machine 120 | . 15 90 15 . . . . Destroy Structure 35 | . 11 8 16 . . . . Partial Spotted 30 | . . . . . . 30 . Lose Combat Pursuer 180 | . . 45 45 . . 75 15 Influence Decreases 1422 | . 147 554 512 64 30 75 40 Entered New Map 288 | . . 91 124 36 20 . 17 Time Decay 1056 | . 127 453 350 28 10 75 13 Lost Part 78 | . 20 10 38 . . . 10 Squads Dispatched 7 | . 1 4 1 . . . 1 Investigation 2 | . 1 1 . . . . . Extermination . | . . . . . . . . Reinforcement 5 | . . 3 1 . . . 1 Assault . | . . . . . . . . Garrison . | . . . . . . . . Intercept . | . . . . . . . . Searches Triggered . | . . . . . . . . Construction Impeded . | . . . . . . . . Haulers Reinforced . | . . . . . . . . Active Scanning Responses . | . . . . . . . . Cargo Convoy Interrupts . | . . . . . . . . Stealth | -11 -10 -9 -8 -7 -7 -7 -7 --------- Run | Yrd Mat Mat Mat Fac Was Fac Sto Distress Signals 5 | . 2 2 1 . . . . Communications Jammed 5 | . . . . . . . 5 Distress Signals 5 | . . . . . . . 5 Times Spotted 90 | . 15 27 22 1 6 10 9 Peak Tracking Total 9 | . 8 3 4 1 6 6 9 Tactical Retreats 8 | . . 3 2 . . 2 1 Traps | -11 -10 -9 -8 -7 -7 -7 -7 ------- Run | Yrd Mat Mat Mat Fac Was Fac Sto Traps Triggered 5 | . 1 1 . 1 . 2 . Indirectly . | . . . . . . . . Trap Hack Attempts . | . . . . . . . . Triggered . | . . . . . . . . Disarmed . | . . . . . . . . Reprogrammed . | . . . . . . . . Reused . | . . . . . . . . Traps Extracted . | . . . . . . . . Installed . | . . . . . . . . Triggered . | . . . . . . . . Machines | -11 -10 -9 -8 -7 -7 -7 -7 ---------- Run | Yrd Mat Mat Mat Fac Was Fac Sto Machines Disabled 8 | . 1 6 1 . . . . Max in Single Turn 1 | . 1 1 1 . . . . Machines Repaired . | . . . . . . . . Machines Dismantled . | . . . . . . . . Machines Sabotaged . | . . . . . . . . Overloaded Fab Kills . | . . . . . . . . Hacking | -11 -10 -9 -8 -7 -7 -7 -7 --------- Run | Yrd Mat Mat Mat Fac Was Fac Sto Machines Accessed 9 | . 3 4 2 . . . . Terminals 4 | . 2 1 1 . . . . Fabricators . | . . . . . . . . Repair Stations . | . . . . . . . . Recycling Units 3 | . 1 1 1 . . . . Scanalyzers 2 | . . 2 . . . . . Garrison Access . | . . . . . . . . Total Hacks 21 | . 8 9 4 . . . . Successful 16 | . 7 5 4 . . . . Failed 5 | . 1 4 . . . . . Catastrophic . | . . . . . . . . Database Lockouts . | . . . . . . . . Manual . | . . . . . . . . Terminals 8 | . 5 1 2 . . . . Fabricators . | . . . . . . . . Repair Stations . | . . . . . . . . Recycling Units 10 | . 3 5 2 . . . . Scanalyzers 3 | . . 3 . . . . . Garrison Access . | . . . . . . . . Terminal Hacks 7 | . 4 1 2 . . . . Record 3 | . 3 . . . . . . Alert Level 2 | . 1 1 . . . . . Locate Traps 1 | . . . 1 . . . . Maintenance Status 1 | . . . 1 . . . . Fabricator Hacks . | . . . . . . . . Repair Station Hacks . | . . . . . . . . Recycling Unit Hacks 8 | . 3 3 2 . . . . Recycle Component 2 | . 1 1 . . . . . Process 1 | . . 1 . . . . . Report Inventory 3 | . 1 1 1 . . . . Retrieve Matter 2 | . 1 . 1 . . . . Scanalyzer 1 | . . 1 . . . . . Insert Component 1 | . . 1 . . . . . Garrison Access Hacks . | . . . . . . . . Unauthorized Hacks . | . . . . . . . . Terminals . | . . . . . . . . Fabricators . | . . . . . . . . Repair Stations . | . . . . . . . . Recycling Units . | . . . . . . . . Scanalyzers . | . . . . . . . . Garrison Access . | . . . . . . . . Data Cores Recovered . | . . . . . . . . Used . | . . . . . . . . Hacking Detections 8 | . 3 3 2 . . . . Full Trace Events 1 | . 1 . . . . . . Feedback Events . | . . . . . . . . Feedback Blocked . | . . . . . . . . Robot Schematics Acquired . | . . . . . . . . Robots Built . | . . . . . . . . Authchips . | . . . . . . . . Time . | . . . . . . . . Total Robot Build Rating . | . . . . . . . . Part Schematics Acquired . | . . . . . . . . Parts Built . | . . . . . . . . Authchips . | . . . . . . . . Time . | . . . . . . . . Total Part Build Rating . | . . . . . . . . Parts Repaired . | . . . . . . . . Time . | . . . . . . . . Parts Recycled 2 | . 1 1 . . . . . Recycled Matter 277 | . . 277 . . . . . Retrieved Matter . | . . . . . . . . Retrieved Components . | . . . . . . . . Parts Scanalyzed 1 | . . 1 . . . . . Part Schematics Acquired . | . . . . . . . . Parts Damaged 1 | . . 1 . . . . . Bothacking | -11 -10 -9 -8 -7 -7 -7 -7 ------------ Run | Yrd Mat Mat Mat Fac Was Fac Sto Used RIF Installer . | . . . . . . . . Robots Hacked . | . . . . . . . . Non-combat . | . . . . . . . . Combat . | . . . . . . . . Robot Hacks Applied . | . . . . . . . . Relay Couplers Released . | . . . . . . . . Fabnet Peak Effective % . | . . . . . . . . Robots Rewired . | . . . . . . . . Allies Hacked . | . . . . . . . . Hacks Repelled . | . . . . . . . . Allies | -11 -10 -9 -8 -7 -7 -7 -7 -------- Run | Yrd Mat Mat Mat Fac Was Fac Sto Total Allies . | . . . . . . . . Largest Group . | . . . . . . . . Highest-Rated Group . | . . . . . . . . Highest-Rated Ally . | . . . . . . . . Total Orders . | . . . . . . . . Ally Attacks . | . . . . . . . . Total Damage . | . . . . . . . . Kills . | . . . . . . . . Allies Corrupted . | . . . . . . . . Allies Melted . | . . . . . . . . Intel | -11 -10 -9 -8 -7 -7 -7 -7 ------- Run | Yrd Mat Mat Mat Fac Was Fac Sto Active Infowar (turns) 77 | . . . . . . 67 10 Machine Analysis 67 | . . . . . . 67 . Jamming 10 | . . . . . . . 10 Robot Analysis Total . | . . . . . . . . Derelict Logs Recovered . | . . . . . . . . Drone Launches . | . . . . . . . . Drone Recoveries . | . . . . . . . . Exploration | -11 -10 -9 -8 -7 -7 -7 -7 ------------- Run | Yrd Mat Mat Mat Fac Was Fac Sto Turns Passed 3531 | 64 332 1188 1268 245 100 237 97 Spaces Moved 2727 | 53 239 702 819 181 110 432 191 Core 558 | 13 . . . . 72 282 191 Treads . | . . . . . . . . Legs 1731 | . . 693 819 181 38 . . Wheels 288 | 40 239 9 . . . . . Hover 150 | . . . . . . 150 . Flight . | . . . . . . . . Fastest Speed 50 | 50 90 100 130 130 50 50 50 Average Speed 106 | 92 94 129 130 130 81 53 50 Slowest Speed 270 | 150 100 130 130 130 270 60 50 Overloaded Moves . | . . . . . . . . Propulsion Burnouts . | . . . . . . . . Robots Hopped . | . . . . . . . . Potential Cave-ins . | . . . . . . . . Cave-ins Triggered . | . . . . . . . . Exploration Rate (%) 35 | 5 40 51 35 4 90 11 45 Regions Visited 7 Branch Regions 1 Pre-discovered Areas 1 | . . . . . . . 1 Known Exits Taken . | . . . . . . . . Unknown Exits Taken 5 | 1 1 1 1 . . 1 . Scrap Searched . | . . . . . . . . Spaces Dug . | . . . . . . . . Terrain Destroyed 33 | . 10 8 15 . . . . Melee . | . . . . . . . . Projectile 7 | . . . 7 . . . . AOE 26 | . 10 8 8 . . . . Terrain Rammed . | . . . . . . . . Walls Destroyed . | . . . . . . . . Machines Disabled . | . . . . . . . . Actions | -11 -10 -9 -8 -7 -7 -7 -7 --------- Run | Yrd Mat Mat Mat Fac Was Fac Sto Total 3124 | 64 295 884 946 188 119 436 192 Wait 154 | . 12 88 44 . 10 . . Move 2721 | 52 238 701 818 181 109 431 191 Hop . | . . . . . . . . Pick Up 45 | 6 3 17 17 1 . 1 . Fast Attach 28 | 6 7 9 1 1 . 3 1 Attach 13 | . 2 1 9 1 . . . Detach 6 | . 2 1 2 1 . . . Swap 5 | . . 1 4 . . . . Drop 32 | . 5 14 11 1 . 1 . Fire 120 | . 26 52 40 2 . . . Melee . | . . . . . . . . Ram . | . . . . . . . . Kick . | . . . . . . . . Crush . | . . . . . . . . Escape Stasis . | . . . . . . . . Rewire . | . . . . . . . . Trap . | . . . . . . . . Miscellaneous . | . . . . . . . . Route ------- -11/Scrapyard -10/Materials -9/Materials -8/Materials -7/Factory -7/Waste -7/Factory -7/Storage History --------- Turn | Location | Event 11 | -11/Scrapyard | Discovered new exit (range 15) 65 | -11/Scrapyard | Entered Materials 320 | -10/Materials | Build established: Mutant 336 | -10/Materials | Discovered new exit (range 13) 397 | -10/Materials | Entered another Materials area 397 | -9/Materials | Evolved 2 slots: Propulsion x1, Utility x1 849 | -9/Materials | Discovered new exit (range 3) 1585 | -9/Materials | Entered another Materials area 1585 | -8/Materials | Evolved 2 slots: Power x1, Utility x1 2066 | -8/Materials | Discovered new exit (range 12) 2853 | -8/Materials | Entered Factory 2853 | -7/Factory | Evolved 2 slots: Propulsion x1, Utility x1 3098 | -7/Factory | Sucked down chute 3098 | -7/Factory | Entered Waste 3113 | -7/Waste | EMP discharged 3149 | -7/Waste | Spotted C-40 Crusher 3152 | -7/Waste | Spotted C-40 Crusher 3159 | -7/Waste | Crushed by Compactor (1 part destroyed, 2 dropped) 3160 | -7/Waste | Spotted C-40 Crusher 3162 | -7/Waste | Crushed by Compactor (1 part destroyed, 2 dropped) 3162 | -7/Waste | Released all parts (5) 3164 | -7/Waste | Spotted C-40 Crusher 3172 | -7/Waste | Spotted C-40 Crusher 3173 | -7/Waste | Spotted C-40 Crusher 3182 | -7/Waste | Discovered new exit (range 16) 3198 | -7/Waste | Entered Factory 3432 | -7/Factory | Discovered new exit (range 4) 3435 | -7/Factory | Entered Storage 3439 | -7/Storage | Learned location of Armory (-3) 3472 | -7/Storage | Core integrity fell below 50% 3513 | -7/Storage | Core integrity fell below 20% 3532 | -7/Storage | Destroyed by P-60 Hacker with Shock Rifle Last Messages --------------- 03449_ Penetrated by Slug. 03463_ Slug penetrates Wall. 03466_ Penetrated by Slug. 03471_ K-01 Serf cleans the Terminal. 03471_ Penetrated by Slug. 03472_ K-01 Serf collects debris. 03475_ Acquired Transmission Jammer. 03477_ Slug penetrates Wall. 03503_ O-16 Technician: "IFF HANDSHAKE FAILED. SECURING TERMINAL." 03504_ O-16 Technician distress signal jammed. 03509_ ALERT: Hostiles spotted, dispatching reinforcements to Terminal S013. 03510_ K-01 Serf collects debris. 03512_ M-13 Machinist destroyed. 03513_ K-01 Serf collects debris. 03525_ Transmission Jammer destroyed. 03526_ K-01 Serf collects debris. [Achievement: Back For More] Map ----- +----------------------------------------------------+ | | | ??##########??????????????????? | | ??# #??????????????????? | | ??# """ #??????????????????? | | ### "T" ####???????????????? | | #"" " " """#???????????????? | | #"Y R"#???????????????? | | #"" """ """#???????????????? | | ?## """ ####????############ | | ??# """ #???????# """ """ + | | ??# #???????# """ """ ## | | #######;############ """ """ #? | | # [ # # #? | | # ! # % + #? | | # ! + pY # " "" #? | | # ! # #####+###+# "R"" #? | | # # ## # ! """ #? | | # # #T """ ###########? | | # !# ## """ #??????##### | | # # # """ #????#?#""G" | | # # ## #????# # " " | | ###### ###########????# | | ?????# #??????????????# | | ?????# +??????????????# | | ?????# #??????????????# | | ?????#@ #??????????????# """ " | | ?????# a ???????????""" " | | ?????# # #???????"" " | | ?????# # /a???/ | | ?????# #? ##???##"T"## | | ?????# #? ########??????##??? | | ?????# #??#?????????????????? | | ?????# #????????????????????? | | ?????# #????????????????????? | | ?????# #????????????????????? | | ?????? #????????????????????? | | ?????? #????????????????????? | | ?????? #????????????????????? | | ?????? #????????????????????? | | ?????? #????????????????????? | | ?????? ?????????????????????? | | ??????????????????????????????? | | ??????????????????????????????? | | ??????????????????????????????? | | ??????????????????????????????? | | ??????????????????????????????? | | ??????????????????????????????? | | ??????????????????????????????? | | ??????????????????????????????? | | ??????????????????????????????? | +----------------------------------------------------+ Best States ------------- Heat Dissipation 63 Energy Generation 23 Energy Capacity 290 Matter Stores 300 Matter Capacity 300 Sight Range 16 Terrain Scan Density 10 Jamming Range 12 Weapon Shielding 33 Evasion (%) 55 Targeting Accuracy 5 Matter Filtering 45 Item Schematics ----------------- None Robot Schematics ------------------ None Fabricated ------------ Nothing Repaired ---------- Nothing Alien Tech Used ----------------- None Achievements -------------- Back For More Challenges ------------ None Game ------ Seed NavigationDisposableRifle Manual? 0 Play Time 01:03:01 Cumulative 153.5 hours Start 2025.10.16 @ 22:45:59 End 2025.10.16 @ 23:57:43 Sessions 1 Manual Loads 0 Difficulty Rogue Special Mode None Game No. 50 Rogue 16 Adventurer 34 Explorer 0 Win Type - Total 2 Types 2/0/0/0/0/0/0/0/0/0 Lore% 28 Gallery% 47 Achievement% 49 Wizard Run 0 Options --------- Layout 2 ASCII 0 Keyboard 1 Movement Vi Keybinds 0 Fullscreen 2 Font 24/Terminus Map View 50x44 Zoom Use 3% Tactical HUD 1 Map Filters NONE Filters NONE Steam X RUN: 1ff047b8-fb99-4b63-adad-f690473b9d0a